AoeStats
← chup

Lombardia

510151197Analyzed
3v3 RM · 2d ago on Sep 29, 2026· 73m 14s· 6 players
Game mode
Random Map
Map size
Normal (6 player)
Population
200
Speed
Normal
Resources
Standard
Victory
Conquest
Starting age
Dark Age
Ending age
Imperial Age
RankedLock teamsTeams togetherTeam positionsShared explorationLock speedFull tech treeHidden civsTurbo modeCheats
Victory
Defeat
🇨🇭 Portuguese · Switzerland
1202
+16
🇨🇭 Vikings · Switzerland
1198
+16
🇨🇭 Shu · Switzerland
1149
+18
🇪🇪 Celts · Estonia
1206
-17
🇪🇸 Japanese · Spain
1202
-17
🇪🇸 Koreans · Spain
1187
-16
Brasserie
10:34 Feudal Age
11:26 Double-Bit Axe
11:23 Horse Collar
16:42 Castle Age
17:49 Bow Saw
20:01 Loom
23:09 Pikeman
26:09 Scale Mail Armor
26:20 Forging
28:27 Wheelbarrow
27:56 Heavy Plow
28:01 Gold Mining
30:07 Hand Cart
32:28 Imperial Age
31:04 Stone Mining
31:49 Bloodlines
31:00 Light Cavalry
31:47 Scale Barding Armor
31:58 Chain Mail Armor
32:18 Iron Casting
31:44 Padded Archer Armor
32:51 Husbandry
33:12 Chain Barding Armor
32:43 Fletching
34:13 Chemistry
35:34 Plate Barding Armor
35:46 Halberdier
38:57 Blast Furnace
46:02 Caravan
48:11 Cavalier
52:46 Leather Archer Armor
52:28 Bodkin Arrow
53:04 Plate Mail Armor
54:58 Ring Archer Armor
54:28 Bracer
67:25 Elite Organ Gun
chup
9:05 Loom
10:51 Feudal Age
15:34 Castle Age
15:48 Double-Bit Axe
15:45 Horse Collar
20:27 Bow Saw
20:19 Heavy Plow
21:19 Squires
22:15 Gold Mining
22:47 Elite Skirmisher
26:07 Forging
25:57 Scale Mail Armor
26:42 Town Watch
29:44 Fletching
29:54 Padded Archer Armor
31:24 Iron Casting
39:20 Imperial Age
36:44 Pikeman
37:11 Arson
37:43 Chain Mail Armor
38:43 Caravan
39:50 Chieftains
40:41 Plate Mail Armor
40:38 Conscription
41:12 Elite Varangian Guard
44:39 Bodkin Arrow
47:29 Bracer
48:29 Blast Furnace
48:39 Leather Archer Armor
51:21 Ring Archer Armor
55:03 Capped Ram
Aganthyr
5:12 Loom
11:03 Feudal Age
15:35 Castle Age
14:56 Double-Bit Axe
15:34 Horse Collar
16:26 Bow Saw
18:17 Heavy Plow
22:46 Gold Mining
24:06 Fletching
24:56 Stone Mining
26:11 Thumb Ring
25:26 Crossbowman
26:53 Fortified Wall
27:04 Ballistics
27:35 Bodkin Arrow
29:53 Wheelbarrow
29:03 Town Watch
31:59 Imperial Age
32:14 Arbalester
33:19 Conscription
34:05 Hand Cart
33:50 Town Patrol
36:35 Chemistry
35:17 Treadmill Crane
35:33 Murder Holes
35:49 Masonry
36:51 Bracer
38:57 Bolt Magazine
38:59 Coiled Serpent Array
40:50 Guilds
41:10 Coinage
40:59 Padded Archer Armor
41:11 Forging
41:02 Scale Mail Armor
45:37 Banking
46:54 Caravan
Tadeo02
10:33 Feudal Age
13:10 Double-Bit Axe
16:00 Castle Age
15:15 Horse Collar
15:23 Double-Bit Axe
20:13 Heavy Plow
21:28 Bow Saw
24:06 Wheelbarrow
23:52 Stone Mining
26:04 Stone Shaft Mining
25:24 Gold Mining
25:33 Loom
26:14 Squires
26:00 Arson
27:51 Forging
27:41 Scale Mail Armor
28:50 Gold Shaft Mining
30:27 Hand Cart
33:47 Imperial Age
33:22 Fletching
33:37 Scale Barding Armor
34:51 Ballistics
34:37 Siege Engineers
34:13 Treadmill Crane
35:35 Chemistry
35:34 Conscription
36:22 Two-Man Saw
35:54 Husbandry
36:16 Bodkin Arrow
36:43 Chain Barding Armor
36:58 Iron Casting
36:39 Chain Mail Armor
37:31 Masonry
37:32 Fortified Wall
37:04 Elite War Wagon
37:40 Heavy Rocket Cart
38:29 Town Watch
38:46 Bracer
40:01 Town Patrol
39:49 Elite Fire Lancer
43:03 Shinkichon
47:16 Thumb Ring
53:58 Architecture
55:15 Elite Skirmisher
56:52 Caravan
64:45 Plate Mail Armor
68:18 Capped Ram
BERTUS
10:49 Feudal Age
9:07 Loom
10:52 Feudal Age
15:14 Castle Age
13:10 Double-Bit Axe
13:09 Horse Collar
17:56 Wheelbarrow
17:56 Gold Mining
20:06 Fletching
21:42 Padded Archer Armor
21:51 Bodkin Arrow
23:30 Padded Archer Armor
25:00 Stone Mining
27:51 Ballistics
27:57 Town Watch
29:57 Leather Archer Armor
34:07 Thumb Ring
36:39 Imperial Age
34:33 Murder Holes
34:49 Masonry
35:59 Yasama
37:27 Bracer
38:41 Parthian Tactics
39:47 Bow Saw
44:59 Kataparuto
44:51 Husbandry
47:00 Caravan
47:53 Conscription
47:39 Heavy Cavalry Archer
49:38 Ring Archer Armor
52:04 Coinage
54:33 Hand Cart
57:49 Chemistry
56:56 Siege Engineers
59:35 Guard Tower
59:30 Arrowslits
65:36 Keep
67:42 Fortified Wall
67:05 Elite Skirmisher
Senex
8:31 Loom
10:31 Feudal Age
17:48 Castle Age
16:35 Double-Bit Axe
16:33 Horse Collar
19:14 Bow Saw
19:42 Heavy Plow
24:24 Forging
30:47 Wheelbarrow
33:03 Imperial Age
30:20 Town Watch
33:10 Cavalier
38:45 Iron Casting
38:09 Heavy Scorpion
38:26 Capped Ram
40:46 Hand Cart
40:37 Town Patrol
40:18 Pikeman
47:14 Blast Furnace
46:14 Scale Mail Armor
46:20 Scale Barding Armor
46:06 Halberdier
50:10 Chain Mail Armor
50:16 Chain Barding Armor
49:27 Light Cavalry
50:09 Husbandry
54:01 Hussar
62:42 Conscription
Connection lost

Rejoining the realm…

Still unreachable

The connection could not be restored.

Session expired

The server has moved on; the page needs a fresh start.